 Dungeon Crawl Stone Soup version 0.31-a0-175-g9f7f995f2b (webtiles) character file.

Game seed: 1638272571713671254

648 qw the Shooter (level 7, 0/43 HPs)
             Began as a Gargoyle Hunter on June 17, 2023.
             Slain by an orc warrior
             ... wielding a +0 dire flail
              (17 damage)
             ... on level 4 of the Dungeon.
             The game lasted 00:01:10 (2109 turns).

qw the Shooter (Gargoyle Hunter)                    Turns: 2109, Time: 00:01:11

Health: 0/43       AC:  9    Str: 15    XL:     7   Next: 53%
Magic:  7/7        EV: 13    Int:  9    God:
Gold:   189        SH:  0    Dex: 15    Spells: 6/6 levels left

rFire   + . .        Y - +0 shortbow
rCold   . . .        (shield currently unavailable)
rNeg    + + .        l - +0 robe {rF+}
rPois   inf          (no helmet)
rElec   +            (no cloak)
rCorr   .            (no gloves)
SInv    .            n - +2 pair of boots
Will    .....        (no amulet)
Stlth   ++           h - ring of positive energy
HPRegen 0.27/turn    (no ring)
MPRegen 0.10/turn

%: no passive effects
@: no status effects
A: sickness immunity, AC +4, negative energy resistance 1, electricity
resistance, torment resistance 1, petrification resistance
a: no special abilities


You were on level 4 of the Dungeon.
You visited 1 branch of the dungeon, and saw 4 of its levels.

You collected 189 gold pieces.


Innate Abilities, Weirdness & Mutations

You are immune to sickness and miasma.
Your stone body is resilient. (AC +4)
You are immune to poison.
You resist negative energy. (rN+)
You are resistant to electric shocks. (rElec)
You are resistant to unholy torment.
You are immune to petrification.


   Skills:
 - Level 4.0 Fighting
 + Level 7.4 Ranged Weapons
 - Level 1.2 Armour
 - Level 3.2 Dodging
 - Level 1.1 Stealth


You had 6 spell levels left.
You didn't know any spells.
Your spell library was empty.

Inventory:

Hand Weapons
 Y - a +0 shortbow (weapon)
Armour
 e - a +0 ring mail
 l - a +0 robe of fire resistance (worn)
 n - a +2 pair of boots (worn)
Jewellery
 h - a ring of positive energy (left hand)
Scrolls
 b - a scroll of identify
Potions
 a - a potion of heal wounds
 c - a potion of enlightenment
 d - a potion of mutation {unknown}
 f - a potion of might
 g - a potion of resistance {unknown}
 i - a potion of degeneration {unknown}
 j - a potion of haste {unknown}
 k - a potion of curing

Dungeon Overview and Level Annotations

Branches:
Dungeon (4/15)
 Temple: D:4-7

Altars:
Makhleb

Annotations:
D:3 3 runed translucent doors, qw's ghost, amateur GrHu


Message History

You shoot an arrow.
The arrow barely misses the orc warrior.
You shoot an arrow. The arrow hits the orc warrior.
The orc warrior is lightly wounded.
You hear a shout!
The orc warrior barely misses you.
You shoot an arrow.
The arrow closely misses the orc warrior.
The orc warrior hits you with a +0 dire flail!
You shoot an arrow.
The arrow hits the orc warrior but does no damage.
The orc warrior is lightly wounded.
You hear a shout!
The orc warrior barely misses you.
You hear a shout! x2
You shoot an arrow. The arrow hits the orc warrior.
The orc warrior is moderately wounded.
The orc warrior hits you with a +0 dire flail!
You shoot an arrow. The arrow hits the orc warrior!
The orc warrior is severely wounded.
The orc warrior barely misses you.
You shoot an arrow.
The arrow hits the orc warrior but does no damage.
The orc warrior is severely wounded.
The orc warrior hits you but does no damage.
You shoot an arrow.
The arrow hits the orc warrior but does no damage.
The orc warrior is severely wounded.
The orc warrior closely misses you.
You shoot an arrow.
The arrow hits the orc warrior but does no damage.
The orc warrior is severely wounded.
The orc warrior hits you with a +0 dire flail.
You hear a shout!
You shoot an arrow. The arrow hits the orc warrior.
The orc warrior is severely wounded.
The orc warrior hits you with a +0 dire flail.
You hear a shout!
The orc warrior hits you with a +0 dire flail!
You die...

#.# #.# #.# #.# #.#
#.# #### #.# #.# #
.<.# #.# #.# .#
##.####.#####.###.###
#............).)...#
####....######.###.#
#....# ##@## #.[..#
##o# #....# #o#
#....# .## ##...# o#
#.#.# #. . ##


You could see an orc warrior and an orc.

Vanquished Creatures
  Grinder (D:4)
  Sigmund (D:3)
  An ogre (D:4)
  A scorpion (D:3)
  An orc priest (D:4)
  An orc wizard (D:4)
  4 adders
  3 worms
  3 dart slugs
  2 bats
  5 endoplasms
  2 giant cockroaches (D:1)
  5 goblins
  2 hobgoblins
  5 jackals
  8 kobolds
  A quokka (D:2)
  7 ball pythons
  A ball python skeleton (D:3)
  A ball python zombie (D:3)
  A frilled lizard (D:1)
  A quokka skeleton (D:3)
  7 rats
64 creatures vanquished.

Notes
Turn   | Place    | Note
-------+----------+-------------------------------------------
     0 | D:1      | qw the Gargoyle Hunter began the quest for the Orb.
     0 | D:1      | Reached XP level 1. HP: 12/12 MP: 1/1
     0 | D:1      | 0 ||| qw: Version: 0.3-a-2-g5ab2908
     0 | D:1      | 0 ||| qw: Game counter: 345
     0 | D:1      | 0 ||| qw: Always use a shield: true
     0 | D:1      | 0 ||| qw: God list: Okawaru
     0 | D:1      | 0 ||| qw: Allow faded altars: false
     0 | D:1      | 0 ||| qw: Do Orc after D:15 true
     0 | D:1      | 0 ||| qw: Do second Lair branch before Depths: true
     0 | D:1      | 0 ||| qw: Lair rune preference: random
     0 | D:1      | 0 ||| qw: Plans: Normal, Zot:1-4, Slime:5, God:TSO, Crypt,
                  | Tomb, Abyss, Pan, Hells, Win
     0 | D:1      | 0 ||| PLANNING D:1-11
   142 | D:1      | Reached XP level 2. HP: 17/17 MP: 2/2
   557 | D:1      | Reached XP level 3. HP: 16/21 MP: 3/3
   586 | D:1      | 586 ||| UPGRADING to +0 ring mail.
   596 | D:1      | 596 ||| DROPPING +0 leather armour.
   597 | D:1      | 597 ||| DROPPING ring of wizardry.
   598 | D:1      | 598 ||| UPGRADING to ring of positive energy.
   599 | D:1      | 599 ||| READING scroll labelled NUTIENLUWKE.
   600 | D:1      | 600 ||| DROPPING scroll of butterflies.
   701 | D:2      | Reached skill level 1 in Armour
   772 | D:2      | Reached skill level 5 in Ranged Weapons
   802 | D:2      | Found a burning altar of Makhleb.
   863 | D:2      | Reached XP level 4. HP: 27/27 MP: 4/4
   932 | D:2      | Reached skill level 3 in Fighting
  1138 | D:2      | 1138 ||| UPGRADING to +0 robe of fire resistance.
  1148 | D:2      | 1148 ||| UPGRADING to +2 pair of boots.
  1153 | D:2      | 1153 ||| DROPPING amulet of magic regeneration.
  1154 | D:2      | 1154 ||| READING scroll labelled QANEUWKUHI.
  1155 | D:2      | 1155 ||| READING 2 scrolls labelled FUICOSEUNOD.
  1156 | D:2      | 1156 ||| DRINKING 2 green potions.
  1157 | D:2      | 1157 ||| DRINKING 2 fuming emerald potions.
  1158 | D:2      | 1158 ||| DROPPING scroll of fear.
  1362 | D:3      | Noticed a kobold brigand
  1363 | D:3      | Found a runed translucent gate.
  1364 | D:3      | Found a runed translucent gate.
  1364 | D:3      | Noticed qw's ghost (amateur GrHu)
  1365 | D:3      | Found a runed translucent gate.
  1370 | D:3      | Noticed Sigmund
  1375 | D:3      | 1375 ||| READING scroll labelled JEUGAG QUECAS.
  1378 | D:3      | 1378 ||| READING 3 scrolls of identify.
  1378 | D:3      | 1378 ||| IDENTIFYING metallic grey potion
  1413 | D:3      | 1413 ||| DRINKING potion of curing.
  1413 | D:3      | 1413 ||| (to cure confusion)
  1422 | D:3      | Killed Sigmund
  1423 | D:3      | Reached skill level 6 in Ranged Weapons
  1423 | D:3      | Reached XP level 5. HP: 32/32 MP: 5/5
  1423 | D:3      | Reached XP level 6. HP: 37/37 MP: 6/6
  1454 | D:3      | 1454 ||| READING 2 scrolls of identify.
  1454 | D:3      | 1454 ||| IDENTIFYING bubbling ruby potion
  1874 | D:4      | Reached skill level 7 in Ranged Weapons
  1927 | D:4      | Noticed Grinder
  1945 | D:4      | Paralysed by Grinder for 3 turns
  1953 | D:4      | HP: 9/38 [Grinder (6)]
  1954 | D:4      | 1954 ||| DRINKING 2 potions of heal wounds.
  1956 | D:4      | Killed Grinder
  1957 | D:4      | Reached skill level 3 in Dodging
  1957 | D:4      | Reached XP level 7. HP: 34/43 MP: 7/7
  2097 | D:4      | 2097 ||| Stepping ~*~*~tactically~*~*~ (outnumbered).
  2099 | D:4      | 2099 ||| Stepping ~*~*~tactically~*~*~ (outnumbered).
  2109 | D:4      | Slain by an orc warrior

Levels and vault maps discovered:
D:1:      dpeg_arrival_rooms_c, layout_basic, serial_glass, glass_columns_c,
          glass_columns_b, feat_on_display
D:2:      layout_basic, basic_altar, minmay_box_of_dots
D:3:      layout_loops_cross, serial_undead, serial_undead_b, serial_undead_e,
          serial_undead_a, serial_undead_c, gammafunk_ghost_nasty_kobolds,
          uniq_sigmund
D:4:      layout_loops_ring, serial_shops, shop, guppyfry_early_orc_mine,
          uniq_grinder

Skill      XL: |  1  2  3  4  5  6 |
---------------+-------------------+-----
Armour         | 1 |  1.2
Ranged Weapons | 5 6 7 |  7.4
Fighting       | 3 4 |  4.0
Dodging        | 3 |  3.2
Stealth        | |  1.1

Action                     |  1- 3 |  4- 6 |  7- 9 || total
---------------------------+-------+-------+-------++-------
   Fire: Shortbow          |    96 |   130 |    24 ||   250
    Use: Scroll            |     1 |     5 |       ||     6
         Potion            |       |     4 |       ||     4
 Armour: Leather armour    |    16 |       |       ||    16
         Ring mail         |     5 |     5 |       ||    10
         Robe              |       |    16 |     3 ||    19
  Dodge: Dodged            |    19 |    43 |     7 ||    69

Table legend:
 A = Non-vault XP
 B = Vault XP
 C = Vault XP percentage of total XP
 D = Non-vault monster count
 E = Vault monster count
 F = Vault count percentage of total count
                 A         B        C        D         E       F
            +---------+---------+-------+---------+---------+-------
      Total |     353 |     573 |  61.9 |      55 |       9 |  14.1
            +---------+---------+-------+---------+---------+-------
        D:1 |      34 |       0 |   0.0 |      20 |       0 |   0.0
        D:2 |      64 |       4 |   5.9 |      16 |       2 |  11.1
        D:3 |     122 |     234 |  65.7 |      12 |       4 |  25.0
        D:4 |     133 |     335 |  71.6 |       7 |       3 |  30.0
            +---------+---------+-------+---------+---------+-------
